Map: Turbo Cruise '84 LE

Players

ForGlory

  • Race: Protoss Protoss
  • League: Diamond
  • Spawn Location: 7:00

Mez - Winner!

  • Race: Terran Terran
  • League: Master
  • Spawn Location: 3:00

VOD

Have the link to the VOD?

Description

Time

  • Played on: July 28, 2019, 5:08 p.m.
  • Length: 14:32
Show
View Real Time Build Order
Export as new Build Order

ForGlory Protoss 

Build Orders: 1 Gate Expand, Phoenix Opening 

Get SALT Encoding   

  12  0:01  Probe  
  13  0:13  Probe  
  14  0:18  Pylon  
  14  0:25  Probe  
  15  0:35  Probe  
  15  0:39  Gateway  
  16  0:43  Probe  
  16  0:46  Assimilator  
  17  0:51  Probe  
  18  1:03  Probe  
  19  1:15  Probe  
  20  1:26  Nexus  
  20  1:37  Cybernetics Core  
  20  1:40  Probe  
  21  1:51  Assimilator  
  21  1:54  Pylon  
  21  1:56  Probe  
  22  2:03  Adept  
  22  2:08  Probe  
  25  2:21  Probe  
  26  2:24  Stargate  
  26  2:33  Adept, Probe  
  29  2:38  Probe, Warp Gate  
  29  2:43  Probe  
  30  2:46  Probe  
  30  2:51  Probe  
  32  2:54  Probe  
  34  2:59  Probe  
  34  3:02  Phoenix  
  34  3:04  Probe  
  35  3:11  Probe  
  39  3:16  Probe  
  39  3:19  Pylon  
  40  3:23  Probe  
  41  3:27  Phoenix  
  41  3:28  Probe  
  44  3:36  Probe  
  44  3:41  Probe  
  46  3:48  Probe, Gateway  
  47  3:50  Gateway  
  47  3:53  Probe  
  47  3:54  Phoenix  
  50  3:59  Pylon  
  50  4:03  Twilight Council  
  50  4:08  Probe x2  
  52  4:13  Pylon  
  52  4:16  Pylon  
  52  4:20  Probe x2  
  54  4:27  Zealot  
  54  4:36  Shield Battery  
  54  4:37  Shield Battery  
  54  4:42  Charge  
  52  4:47  Adept x3  
  52  4:49  Void Ray  
  59  5:08  Adept x3  
  59  5:13  Probe  
  66  5:17  Shield Battery  
  66  5:23  Shield Battery  
  66  5:24  Shield Battery  
  66  5:32  Nexus  
  66  5:34  Pylon  
  66  5:35  Forge  
  66  5:42  Protoss Ground Armor Level 1  
  66  5:45  Probe  
  66  5:49  Assimilator  
  67  5:53  Assimilator, Shield Battery  
  67  5:56  Probe, Shield Battery  
  68  6:09  Probe  
  69  6:15  Templar Archives  
  69  6:17  Gateway  
  69  6:19  Probe  
  69  6:21  Probe, Gateway  
  69  6:22  Gateway  
  71  6:29  Gateway x2  
  71  6:31  Probe  
  72  6:33  Probe  
  72  6:38  Psionic Storm  
  73  6:45  Probe  
  70  6:48  Probe  
  70  6:53  High Templar x2  
  67  7:03  Probe  
  67  7:04  Probe  
  70  7:08  Probe  
  70  7:12  High Templar  
  70  7:15  Assimilator  
  72  7:17  Assimilator  
  72  7:19  High Templar, Pylon  
  72  7:22  Nexus  
  74  7:25  Pylon  
  74  7:29  Probe  
  75  7:31  Pylon  
  75  7:35  Probe  
  75  7:36  Probe  
  77  7:37  Robotics Facility  
  77  7:40  Zealot x6  
  89  7:47  Zealot  
  85  7:54  Zealot  
  71  8:01  Zealot x5  
  69  8:09  Stalker  
  71  8:14  Probe  
  71  8:15  Zealot  
  71  8:16  Protoss Ground Weapons Level 1  
  71  8:18  Probe  
  75  8:20  Archon x2  
  75  8:22  High Templar x2  
  75  8:25  Pylon  
  79  8:28  Probe  
  79  8:29  Probe  
  81  8:35  Observer  
  81  8:40  Probe  
  82  8:41  Probe  
  82  8:45  Probe  
  85  8:51  Probe  
  85  8:52  Dark Shrine  
  86  8:57  Forge  
  86  8:58  Probe  
  86  8:59  Protoss Ground Armor Level 2  
  87  9:05  Zealot x2  
  87  9:15  Probe  
  88  9:26  High Templar x5  
  88  9:27  High Templar  
  88  9:28  Probe x2  
  88  9:29  Probe  
  103  9:32  Zealot x2  
  103  9:35  Probe  
  98  9:48  Protoss Ground Weapons Level 2  
  98  9:50  Probe  
  99  9:53  Observer  
  99  9:55  Probe x2  
  99  9:57  High Templar  
  99  9:58  Zealot x2  
  108  10:00  Stalker  
  108  10:01  Probe  
  108  10:04  Probe  
  112  10:07  Probe  
  112  10:08  Dark Templar  
  112  10:09  Dark Templar  
  117  10:20  Stalker x2, Zealot  
  123  10:33  Dark Templar  
  125  10:36  Probe  
  126  10:44  Probe  
  126  10:46  Zealot x3  
  126  10:49  Dark Templar x2  
  125  10:53  Zealot x2  
  110  11:13  Protoss Ground Armor Level 3  
  110  11:16  Zealot x6  
  123  11:18  Probe  
  123  11:19  Probe  
  123  11:21  Stalker x2  
  123  11:36  Probe  
  123  11:39  Observer  
  124  11:43  Probe x3  
  124  11:46  Shield Battery  
  128  11:47  Shield Battery  
  126  11:57  Robotics Bay  
  126  12:01  Probe  
  125  12:02  Robotics Facility  
  125  12:03  Probe  
  126  12:18  Probe  
  131  12:23  Warp Prism  
  127  12:31  Nexus  
  127  12:33  Pylon  
  127  12:34  Stalker x2  
  131  12:39  Pylon  
  131  12:40  Pylon  
  131  12:42  Pylon  
  131  12:43  Pylon  
  131  12:45  Archon x4, Pylon  
  131  12:47  Zealot x5  
  107  12:52  Zealot  
  107  12:57  Zealot x2  
  69  13:06  Disruptor  
  60  13:13  High Templar x4  
  60  13:14  High Templar x2  
  69  13:26  Zealot x2  
  71  13:42  Disruptor  
  71  13:46  Zealot  
  71  13:47  Zealot x3  
  79  13:55  Zealot  
  75  14:09  Zealot x2  
  65  14:18  Archon x2, Zealot  
  65  14:21  Zealot  
Show
View Real Time Build Order
Export as new Build Order

Mez Terran - Winner!

Build Orders: Reaper Expand 

Get SALT Encoding   

  12  0:01  SCV  
  13  0:13  SCV  
  14  0:18  Supply Depot  
  14  0:25  SCV  
  15  0:40  SCV  
  15  0:41  Barracks  
  16  0:47  Refinery  
  16  0:52  SCV  
  17  1:04  SCV  
  18  1:16  SCV  
  19  1:29  Orbital Command  
  19  1:31  Reaper  
  20  1:51  Command Center  
  20  1:55  SCV  
  21  2:02  Barracks  
  21  2:05  Barracks Reactor  
  21  2:09  SCV  
  22  2:16  Supply Depot  
  22  2:22  SCV  
  23  2:25  Barracks  
  23  2:38  SCV  
  23  2:41  Marine  
  23  2:42  Marine  
  26  2:50  Barracks Tech Lab  
  26  2:51  SCV  
  26  2:55  Bunker  
  27  3:06  SCV  
  27  3:07  Marine x2  
  27  3:08  Orbital Command  
  27  3:11  Concussive Shells  
  30  3:13  Marine  
  30  3:15  Marine  
  32  3:22  Engineering Bay  
  32  3:26  SCV  
  33  3:32  Marine x2  
  35  3:34  Marauder  
  35  3:37  SCV  
  35  3:38  SCV  
  35  3:39  Marine  
  40  3:51  Missile Turret  
  40  3:52  Missile Turret  
  40  3:53  Marine x2  
  40  3:54  SCV x2  
  44  3:59  Stimpack  
  44  4:10  SCV  
  44  4:11  SCV  
  44  4:16  Terran Infantry Weapons Level 1  
  46  4:19  Supply Depot  
  46  4:24  Barracks Tech Lab  
  46  4:33  Refinery  
  46  4:35  Factory  
  46  4:40  SCV x2, Marine x3  
  49  4:56  Marauder  
  49  4:57  SCV x2  
  49  4:58  Marine  
  54  5:03  Supply Depot  
  54  5:13  Refinery, Command Center  
  54  5:25  SCV x2, Marine x3, Starport, Factory Reactor  
  59  5:29  Supply Depot  
  59  5:31  Refinery  
  59  5:37  SCV x2  
  59  5:39  Marine  
  62  5:48  Supply Depot  
  62  5:51  SCV x2, Marine, Barracks  
  62  5:53  Barracks  
  64  6:05  Marine x2  
  64  6:06  Marine  
  67  6:16  Terran Infantry Armor Level 1  
  67  6:17  Medivac x2  
  67  6:18  Marine  
  72  6:19  SCV x2  
  72  6:22  Supply Depot  
  72  6:23  Marine  
  72  6:24  Combat Shield  
  75  6:26  Orbital Command, Supply Depot  
  74  6:33  Marine  
  68  6:45  Marine x2, Marauder  
  69  6:50  Medivac  
  69  6:51  Marauder  
  69  6:53  SCV  
  69  6:54  SCV x2  
  76  7:03  Marine  
  76  7:06  Barracks Reactor, Barracks Tech Lab  
  76  7:08  SCV x3  
  80  7:10  Supply Depot  
  80  7:13  Supply Depot  
  80  7:15  Marine  
  80  7:16  Marauder x2  
  80  7:20  SCV x3, Marine  
  89  7:25  Medivac x2  
  89  7:28  Marauder  
  95  7:32  SCV x3  
  95  7:33  Marine  
  99  7:53  Marine x2, Marauder x3  
  99  7:58  Marine x2  
  103  7:59  Medivac x2  
  91  8:12  Marine x2, Orbital Command  
  77  8:14  Marauder  
  77  8:15  Marauder x2  
  77  8:16  Marine  
  77  8:18  Marine  
  82  8:22  SCV x2  
  82  8:25  Armory  
  84  8:28  Engineering Bay  
  84  8:30  Marine x2  
  84  8:34  SCV  
  87  8:36  Marauder x3  
  87  8:39  SCV x2  
  95  8:49  Medivac x2  
  95  8:53  Marine x4  
  103  8:57  Marauder  
  103  8:59  SCV x3  
  103  9:02  Ghost Academy  
  99  9:18  Marine x4, Marauder x2  
  99  9:19  Marauder  
  99  9:20  SCV x3  
  99  9:21  Terran Infantry Weapons Level 2  
  115  9:25  Terran Infantry Armor Level 2  
  112  9:31  Supply Depot x2  
  112  9:32  SCV x2  
  112  9:36  Marine x4  
  118  9:49  Bunker  
  118  9:50  SCV x3  
  121  9:53  Refinery  
  121  9:54  Command Center  
  121  9:58  Medivac x2  
  121  9:59  Ghost x2  
  127  10:01  Marine  
  127  10:02  Marine x4  
  127  10:05  SCV  
  127  10:06  SCV  
  136  10:07  Refinery  
  136  10:12  SCV  
  137  10:17  SCV, Supply Depot  
  137  10:18  SCV, Supply Depot  
  138  10:42  Marine x2  
  144  10:43  Marine x2, Marauder x3  
  144  10:44  Medivac x2  
  152  10:51  Missile Turret  
  114  11:11  Marine x3, Marauder x3  
  114  11:14  Medivac x2  
  117  11:24  SCV x3  
  113  11:33  Ghost x2  
  113  11:34  Marine x3  
  113  11:35  Marine, Marauder  
  113  11:36  SCV x3  
  125  11:43  Barracks  
  125  11:45  Barracks  
  121  11:48  Barracks  
  121  11:50  SCV x3  
  121  11:52  Marine  
  120  11:56  Marine  
  120  11:57  Marauder  
  120  12:03  SCV  
  120  12:04  SCV  
  122  12:13  SCV  
  122  12:15  Missile Turret  
  123  12:19  Marauder x2  
  127  12:25  Marine  
  127  12:26  Marine x2  
  130  12:35  Marine x2  
  130  12:36  Marauder  
  134  12:41  Marauder  
  117  13:01  Marine x7, Marauder x2  
  117  13:02  Marauder  
  117  13:05  SCV x3  
  130  13:14  Planetary Fortress  
  130  13:19  Medivac x2  
  134  13:23  Marauder  
  136  13:51  Medivac x2  
  118  14:08  Marine x7, Marauder x3  
  123  14:27  Missile Turret  
Tags
 
Add a new tag
Caveats
  • Supply blocks, unpowered buildings, or Contaminate may cause inaccurate times.
  • Supply counts are checked every 10 seconds.